 Dungeon Crawl Stone Soup version 0.19.1-1-g22dce08 (webtiles) character file.

119 MovingMist the Distorting Demonspawn (level 4, 0/37 HPs)
             Began as a Demonspawn Abyssal Knight on Jan 18, 2017.
             Was a Believer of Lugonu.
             Slain by Natasha (5 damage)
             ... on level 2 of the Dungeon.
             The game lasted 00:05:09 (1406 turns).

MovingMist the Distorting Demonspawn (DsAK)         Turns: 1406, Time: 00:05:09

Health: 0/37       AC:  4    Str: 12    XL:     4   Next: 74%
Magic:  7/7        EV: 12    Int: 14    God:    Lugonu [**....]
Gold:   80         SH:  0    Dex: 13    Spells: 0 memorised, 3 levels left

rFire  . . .     SeeInvis .     a - +1 mace
rCold  . . .     Gourm    .     b - +0 leather armour
rNeg   . . .     Faith    .     (no shield)
rPois  .         Spirit   .     r - +0 helmet (curse)
rElec  .         Reflect  .     (no cloak)
rCorr  .         Harm     .     (no gloves)
MR     .....                    (no boots)
Stlth  ++........               (no amulet)
                                (no ring)
                                (no ring)

@: no status effects
A: claws 1, nightstalker 1
a: Depart the Abyss, Bend Space, Renounce Religion


You were on level 2 of the Dungeon.
You worshipped Lugonu.
Lugonu was pleased with you.
You were not hungry.

You visited 1 branch of the dungeon, and saw 2 of its levels.
You visited the Abyss 1 time.

You collected 80 gold pieces.

Inventory:

Hand Weapons
 a - a +1 mace (weapon)
Missiles
 n - 8 tomahawks (quivered)
Armour
 b - a +0 leather armour (worn)
 d - a +0 chain mail
 r - a cursed +0 helmet (worn)
Scrolls
 e - 4 scrolls of identify {unknown}
 k - a scroll of noise {unknown}
 m - 2 scrolls of teleportation {unknown}
 o - a scroll of recharging {unknown}
 q - a scroll of immolation {unknown}
 s - 3 scrolls of remove curse {unknown}
 t - a scroll of enchant armour {unknown}
 v - a scroll of enchant weapon {unknown}
 w - 2 scrolls of magic mapping {unknown}
Potions
 h - 2 potions of curing
 i - a potion of brilliance {unknown}
 j - a potion of magic {unknown}
 l - a potion of invisibility {unknown}
Comestibles
 c - 2 bread rations
 f - 6 chunks of flesh
 g - a meat ration
 p - a slice of pizza
 u - a beef jerky


   Skills:
 + Level 3.8 Fighting
 + Level 2.4 Maces & Flails
 - Level 1.7 Armour
 + Level 1.9 Dodging
 * Level 4.4 Invocations


You had 3 spell levels left.
You didn't know any spells.

Dungeon Overview and Level Annotations

Branches:
Dungeon (2/15)

Altars:
Elyvilon

Annotations:
D:2 Natasha


Innate Abilities, Weirdness & Mutations

You have sharp fingernails.
You are slightly more attuned to the shadows.


Message History

You hit Natasha.
Natasha is lightly wounded.
Natasha claws you.
* * * LOW HITPOINT WARNING * * *
You thump Natasha!
Natasha is severely wounded.
Natasha stares at you and mumbles some strange words.
You resist with some effort.
You barely miss Natasha.
Natasha is severely wounded.
Natasha zaps a wand.
Nothing appears to happen.
You barely miss Natasha.
Natasha is severely wounded.
Natasha stares at you and mumbles some strange words.
You resist with some effort. Natasha claws you.
* * * LOW HITPOINT WARNING * * *
You barely miss Natasha.
Natasha is severely wounded.
Natasha claws you.
You die...

#.....#.# #....#
#.....#.# #....# .#
#.....#.# #....#
#.##.....#.# #....#
#.#.....#.# #....#
#.........# #....#
#.#.....#######....####
#.##†####h....)....÷).#
#.......@.#####....##.#
####.........##....##.#
#.#######.##....##.#
#.# #.##....##.# #.#
#.########.# #)# #.#
#.# #.# #.# #.# .#
#.########.#
#<.........#


You could see Natasha.

Vanquished Creatures
  Natasha (twice) (D:2)
  2 adders (D:2)
  2 oozes (D:1)
  A dart slug (D:2)
  2 leopard geckos (D:2)
  3 giant cockroaches
  5 goblins
  2 hobgoblins (D:2)
  3 jackals (D:2)
  A ball python (D:2)
  5 bats
  5 frilled lizards
  3 kobolds
  6 rats
42 creatures vanquished.

Notes
Turn   | Place    | Note
-------+----------+-------------------------------------------
     0 | Abyss:1  | MovingMist the Demonspawn Abyssal Knight began the quest for the Orb.
     0 | Abyss:1  | Reached XP level 1. HP: 18/18 MP: 2/2
     7 | D:1      | Escaped the Abyss
    25 | D:1      | Reached skill level 1 in Dodging
    63 | D:1      | Gained mutation: You have sharp fingernails. [demonic ancestry]
    63 | D:1      | Reached XP level 2. HP: 21/24 MP: 4/4
   337 | D:1      | Reached skill level 3 in Invocations
   644 | D:2      | Reached ** piety under Lugonu
   644 | D:2      | Reached XP level 3. HP: 27/29 MP: 5/5
   909 | D:2      | Found a white marble altar of Elyvilon.
  1121 | D:2      | Noticed Natasha
  1128 | D:2      | Killed Natasha
  1128 | D:2      | Gained mutation: You are slightly more attuned to the shadows. [demonic ancestry]
  1128 | D:2      | Reached XP level 4. HP: 22/36 MP: 6/6
  1177 | D:2      | Reached skill level 4 in Invocations
  1339 | D:2      | Noticed Natasha
  1347 | D:2      | Killed Natasha
  1397 | D:2      | Noticed Natasha
  1406 | D:2      | Slain by Natasha

Skill      XL: |  1  2  3  4 |
---------------+-------------+-----
Dodging        | 1 |  1.9
Maces & Flails | 2 |  2.4
Invocations    | 3 4 |  4.4
Fighting       | |  3.8
Armour         | |  1.7

Action                   |  1- 3 |  4- 6 || total
-------------------------+-------+-------++-------
Melee: Mace              |    99 |    31 ||   130
  Use: Potion            |       |     1 ||     1
 Stab: Sleeping          |       |     1 ||     1
  Eat: Chunk             |     1 |     1 ||     2
Armor: Leather armour    |    27 |    10 ||    37
Dodge: Dodged            |    58 |    23 ||    81
